 Dungeon Crawl Stone Soup version 0.27-a0-1501-g9d6fb14e67 (webtiles) character file.

Game seed: 9197720784127125532

225550 Lekart the Fighter (level 18, -6/158 HPs)
             Began as a Grey Draconian Chaos Knight on July 8, 2021.
             Was a Plaything of Xom.
             Killed from afar by a smoke demon (23 damage)
             ... with a ball of steam
             ... on level 1 of the Depths.
             The game lasted 02:04:28 (51544 turns).

Lekart the Fighter (Grey Draconian Chaos Knight)   Turns: 51544, Time: 02:04:29

Health: -6/158     AC: 25    Str: 28    XL:     18   Next: 62%
Magic:  0/43       EV: 18    Int: 20    God:    Xom [.*....]
Gold:   1362       SH:  9    Dex: 15    Spells: 36/42 levels left

rFire    . . .     SeeInvis .   v - +10 rapier "Elaumor" {protect, rElec rCorr Dex+2}
rCold    + + .     Faith    .   I - +2 buckler {rC+}
rNeg     . . .     Spirit   +   (armour unavailable)
rPois    +         Reflect  .   (helmet restricted)
rElec    +         Harm     .   M - +2 cloak {rPois}
rCorr    +         Rampage  .   C - +1 pair of gloves
Will     +....     Clarity  +   D - +0 pair of boots
Stlth    +++.......             d - amulet of guardian spirit
HPRegen  1.36/turn              i - +4 ring of protection
MPRegen  0.28/turn              A - ring "Dauvink" {MP+9 Str+4 Int+5}

@: unable to read, flying
A: AC +15, amphibious, unfitting armour, cold-blooded, big wings, claws 2,
hooves 1, thin skeletal structure 1, camouflage 1, clarity, clever 1, cold
resistance 1, deterioration 1, poison resistance, regeneration 1, electricity
resistance, strong 1, inability to read while threatened, MP-powered wands,
noise suppression
}: 1/15 runes: serpentine
a: Renounce Religion


You were on level 1 of the Depths.
You worshipped Xom.
You were a plaything of Xom.
You visited 6 branches of the dungeon, and saw 29 of its levels.
You visited 1 bazaar.

You collected 2934 gold pieces.
You spent 1572 gold pieces at shops.

Inventory:

Hand Weapons
 k - the +4 hand crossbow of Yseq {vorpal, Str+6}
   (You bought it in a shop on level 2 of the Orcish Mines)

   Any bolt fired from it inflicts extra damage.
   Str:       It affects your strength (+6).
 p - the +5 lajatang "Ilel" {vorpal, *Rage rN+++ Int-5 SInv}
   (You found it on level 4 of the Snake Pit)

   It inflicts extra damage upon your enemies.
   Int:       It affects your intelligence (-5).
   rN:        It renders you almost immune to negative energy.
   SInv:      It lets you see invisible.
   *Rage:     It may make you go berserk in combat.
 v - the +10 rapier "Elaumor" (weapon) {protect, rElec rCorr Dex+2}
   (You bought it in a shop on level 6 of the Dungeon)

   It grants its wielder temporary protection when it strikes (+7 to AC).
   Dex:       It affects your dexterity (+2).
   rElec:     It insulates you from electricity.
   rCorr:     It protects you from acid and corrosion.
 z - a +4 war axe of chaos
 L - a +8 scimitar of flaming
Missiles
 x - 316 bolts
 E - 3 throwing nets (quivered)
Armour
 C - a +1 pair of gloves (worn)
 D - a +0 pair of boots (worn)
 I - a +2 buckler of cold resistance (worn)
 M - a +2 cloak of poison resistance (worn)
Jewellery
 d - an amulet of guardian spirit (around neck)
 i - a +4 ring of protection (left hand)
 j - a ring of willpower
 o - an amulet of reflection
 q - a +4 ring of protection
 s - a +6 ring of intelligence
 y - a ring of protection from fire
 A - the ring "Dauvink" (right hand) {MP+9 Str+4 Int+5}
   (You bought it in a shop on level 2 of the Orcish Mines)

   [ring of magical power]

   Str:       It affects your strength (+4).
   Int:       It affects your intelligence (+5).
   MP:        It affects your magic capacity (+9).
 K - a ring of protection from fire
 O - a +4 ring of evasion
Wands
 a - a wand of paralysis (5)
 g - a wand of iceblast (35)
 l - a wand of flame (83)
 J - a wand of charming (15)
 S - a wand of digging (6)
Scrolls
 c - a scroll of fear
 m - 3 scrolls of amnesia
 r - a scroll of blinking
 u - 5 scrolls of teleportation
 w - a scroll of magic mapping
 F - a scroll of fog
 P - a scroll of brand weapon
Potions
 b - a potion of curing
 e - 2 potions of cancellation
 f - 4 potions of brilliance
 h - a potion of magic
 n - a potion of heal wounds
 t - 3 potions of lignification
 H - 5 potions of ambrosia
 Q - 2 potions of might
Miscellaneous
 B - a phial of floods
 G - a tin of tremorstones (2/2)
 N - a lightning rod (4/4)
 V - a condenser vane


   Skills:
 + Level 13.5 Fighting
 + Level 12.8(14.8) Short Blades
 + Level 12.8(14.8) Long Blades
 + Level 0.6 Axes
 + Level 5.1 Crossbows
 + Level 2.3 Throwing
 + Level 12.6 Dodging
 + Level 11.4 Shields
 + Level 12.6 Spellcasting
 + Level 11.0 Ice Magic
 + Level 8.2 Earth Magic
 + Level 4.7 Evocations


You had 36 spell levels left.
You knew the following spells:

 Your Spells              Type           Power      Damage    Failure   Level
a - Ozocubu's Armour      Ice            54%        N/A       1%          3
b - Frozen Ramparts       Ice            100%       1d12      1%          3

Your spell library contained the following spells:

 Spells                   Type           Power      Damage    Failure   Level
 Freeze                   Ice            100%       1d11      1%          1
 Ensorcelled Hibernation  Hex/Ice        68%        N/A       1%          2
 Stone Arrow              Conj/Erth      58%        3d10      3%          3
 Lee's Rapid Deconstruct  Erth           22%        3d14*     4%          5
 Animate Skeleton         Necr           24%        N/A       5%          1
 Corona                   Hex            13%        N/A       5%          1
 Pain                     Necr           48%        1d6       5%          1
 Hailstorm                Conj/Ice       34%        3d9       5%          4
 Blink                    Tloc           N/A        N/A       9%          2
 Poisonous Vapours        Pois/Air       24%        N/A       9%          2
 Slow                     Hex            12%        N/A       9%          2
 Static Discharge         Conj/Air       12%        N/A       9%          2
 Confusing Touch          Hex            12%        N/A       16%         3
 Ignite Poison            Fire/Tmut/Pois 12%        N/A       16%         3
 Mephitic Cloud           Conj/Pois/Air  12%        N/A       16%         3
 Portal Projectile        Hex/Tloc       24%        N/A       16%         3
 Tukima's Dance           Hex            12%        N/A       16%         3
 Vampiric Draining        Necr           6%         2d6       16%         3
 Metabolic Englaciation   Hex/Ice        17%        N/A       16%         5
 Freezing Cloud           Conj/Ice/Air   13%        6-21      32%         5
 Bolt of Magma            Conj/Fire/Erth 11%        4d7       43%         5
 Fulminant Prism          Conj/Hex       6%         3d7       47%         4
 Iskenderun's Mystic Bla  Conj/Tloc      12%        2d5       47%         4
 Simulacrum               Ice/Necr       17%        N/A       65%         6
 Agony                    Necr           12%        N/A       83%         5
 Blade Hands              Tmut           6%         N/A       83%         5
 Excruciating Wounds      Necr           6%         N/A       83%         5
 Iskenderun's Battlesphe  Conj           12%        2d7       83%         5
 Lightning Bolt           Conj/Air       6%         1d18      83%         5
 Manifold Assault         Tloc           12%        N/A       83%         5
 Summon Forest            Summ/Tloc      6%         N/A       83%         5
 Yara's Violent Unravell  Hex/Tmut       6%         3d5       83%         5
 Conjure Ball Lightning   Conj/Air       6%         3x3d6     100%        6
 Dispersal                Tloc           6%         N/A       100%        6
 Eringya's Noxious Bog    Tmut/Pois      6%         N/A       100%        6
 Storm Form               Tmut/Air       6%         N/A       100%        7
 Summon Hydra             Summ           6%         N/A       100%        7
 Borgnjor's Revivificati  Necr           6%         N/A       100%        8
 Discord                  Hex            6%         N/A       100%        8
 Disjunction              Tloc           6%         N/A       100%        8
 Lehudib's Crystal Spear  Conj/Erth      14%        10d5      100%        8
 Maxwell's Capacitive Co  Air            6%         ∞         100%        8
 Necromutation            Tmut/Necr      6%         N/A       100%        8
 Chain Lightning          Conj/Air       6%         3d8       100%        9
 Fire Storm               Conj/Fire      6%         8d2       100%        9
 Animate Armour           Summ/Erth      Unusable   N/A       N/A         4

Dungeon Overview and Level Annotations

Branches:
Dungeon (15/15)            Temple (0/1) D:4            Lair (6/6) D:11
 Shoals (0/4) Lair:3        Snake (4/4) Lair:3        Slime (0/5) Lair:5
    Orc (2/2) D:9             Elf (1/3) Orc:2        Vaults (0/5) D:14
 Depths (1/5) D:15

Altars:
Ashenzari
Cheibriados
Elyvilon
Kikubaaqudgha
Trog
Uskayaw
Wu Jian
Xom
The Shining One
Jiyva

Shops:
D:6 (   D:8 *   Orc:1 *   Orc:2 ([**=   Snake:3 (

Annotations:
Lair:4 exclusion: downstairs
Lair:5 1 runed translucent door, Mandevil's ghost, journeyman OgGl
Elf:1 6 runed translucent doors


Innate Abilities, Weirdness & Mutations

Your dull iron-grey scales are very hard. (AC +15)
You are amphibious.
You cannot fit into any form of body armour.
You are cold-blooded and may be slowed by cold attacks.
Your large and strong wings let you fly.
You have very sharp fingernails.
You have large cloven feet.
You have a somewhat thin skeletal structure. (Dex +2, Stealth+)
Your skin changes colour to match your surroundings (Stealth+).
You possess an exceptional clarity of mind.
Your mind is acute. (Int +2)
Your flesh is cold resistant. (rC+)
Your body sometimes deteriorates upon taking damage.
Your system is resistant to poisons. (rPois)
Your natural rate of healing is unusually fast.
You are resistant to electric shocks. (rElec)
Your muscles are strong. (Str +2)
You sometimes lose the ability to read scrolls when taking damage.
You expend magic power (3 MP) to strengthen your wands.
You passively dampen the noise of your surroundings.


Message History

There is a large open door here.
You are engulfed in a cloud of scalding steam.
You are covered in liquid flames!
Your white imp gestures at the soul eater.
The puff of frost hits the soul eater.
The soul eater resists.
The soul eater draws from the surrounding life force!
The soul eater is healed.
The balrug gestures at you. Something smites you!
You are engulfed in a cloud of scalding steam.
You are covered in liquid flames!
You are no longer on fire.
The soul eater draws from the surrounding life force!
The soul eater is healed.
The sun demon closely misses you.
You cannot read scrolls in your current state!
Unknown command.
Okay, then.
Your white imp gestures at the soul eater.
The puff of frost misses the smoke demon.
The puff of frost hits the soul eater.
The soul eater resists.
The balrug gestures at you.
The bolt of fire hits the sun demon.
The sun demon completely resists.
The bolt of fire hits you!!
* * * LOW HITPOINT WARNING * * *
The soul eater is engulfed in a cloud of scalding steam.
The sun demon hits you!!
* * * LOW HITPOINT WARNING * * *
You are engulfed in flames!
* * * LOW HITPOINT WARNING * * *
Your white imp gestures at the soul eater.
The puff of frost hits the smoke demon!
The soul eater draws from the surrounding life force!
* * * LOW HITPOINT WARNING * * *
The soul eater is healed.
You feel better. The sun demon misses you. The smoke demon gestures at you.
The ball of steam hits the sun demon.
The sun demon resists.
The ball of steam hits you!!
You die...
Xom titters!

####..#.(.....# ####..##.### ####
#.#...#...# #..###.#.......#
#...#..#...#...##
#.........##....###
#.####.#..#.......#
.....######.......#
........#.......@.#
........#....3.3..########
)............3§2.........###
.......#####'3#####....[...##
......##..........##........#
......#...35.§§....#...#....###
.....##.....§.§....##..#......###
..#..#....≈§≈3≈§....#..#(.#.###..
..#..#..≈≈≈§≈≈§≈≈≈..#..####...'..


You could see a balrug, 2 soul eaters, a sun demon and a smoke demon.

Vanquished Creatures
  Asterion (Snake:2)
  The ghost of Vauzamim the Peltast, an adept HuWn of Kikubaaqudgha (Snake:1)
  A storm dragon (Snake:4)
  3 nagarajas (Snake:4)
  An orc warlord (Orc:1)
  Aizul (Snake:2)
  The ghost of Feb132020 the Bludgeoner, an adept GrEE of Gozag (Snake:4)
  A frost giant (Depths:1)
  4 stone giants (Depths:1)
  2 deep elf demonologists (Elf:1)
  A dire elephant (D:15)
  2 fire dragons
  A deep elf high priest (Elf:1)
  A great orb of eyes (Depths:1)
  A rakshasa (Depths:1)
  4 boulder beetles
  7 hydras
  Erolcha (D:13)
  10 naga warriors
  An ogre mage (D:15)
  3 salamander tyrants
  5 centaur warriors
  19 anacondas
  4 two-headed ogres
  A vampire mage (Depths:1)
  2 death knights
  4 death yaks (Lair:4)
  7 dancing weapons (Elf:1)
  2 tengu warriors (Depths:1)
  A hell hog (Depths:1)
  8 naga sharpshooters
  5 deep elf knights
  9 shock serpents
  4 orc high priests
  7 salamander mystics
  10 skeletal warriors
  A glowing orange brain (Depths:1)
  2 swamp dragons
  4 naga ritualists
  3 deep elf archers
  6 lindwurms
  A necromancer (D:14)
  A harpy (shapeshifter) (Lair:2)
  2 wizards (Depths:1)
  11 mana vipers
  13 deep elf pyromancers
  A phantasmal warrior (D:12)
  15 deep elf zephyrmancers
  4 orc knights
  3 oklob plants (Lair:2)
  19 ugly things
  6 manticores
  A faun (Snake:4)
  18 salamanders
  7 cyclopes
  5 orc sorcerers
  3 merfolk sirens (Lair:3)
  18 elephants
  A guardian serpent (shapeshifter) (D:14)
  33 black mambas
  2 molten gargoyles (Lair:6)
  A torpor snail (Lair:6)
  8 cane toads
  7 naga magi
  8 guardian serpents
  3 gargoyles
  2 unseen horrors
  A yaktaur (D:14)
  3 efreet
  A freezing wraith (D:15)
  15 komodo dragons
  A tengu conjurer (Depths:1)
  2 queen bees
  5 trolls
  A wind drake (Snake:4)
  A merfolk (Lair:3)
  3 polar bears
  A wolf spider simulacrum (D:14)
  8 blink frogs
  A wind drake (shapeshifter) (D:14)
  10 dream sheep (Lair:6)
  A water elemental (Elf:1)
  A redback (Snake:4)
  10 wyverns
  2 shadows
  3 wraiths
  39 yaks
  3 fire elementals (Elf:1)
  6 basilisks
  A chaos spawn (Lair:6)
  4 steam dragons
  5 vampire mosquitoes
  4 wargs
  29 nagas
  10 water moccasins
  3 hell hounds
  29 orc warriors
  4 black bears
  A hornet zombie (D:8)
  2 sky beasts
  2 necrophages
  8 ogres
  3 ice beasts
  11 centaurs
  5 wolves
  A phantom (D:4)
  3 kobold brigands
  16 bullfrogs
  6 scorpions
  An earth elemental (Elf:1)
  3 gnoll sergeants
  A water moccasin skeleton (D:4)
  2 electric eels
  5 wights
  A howler monkey (D:8)
  5 lava snakes (Lair:6)
  A bullfrog zombie (D:7)
  4 centaur zombies
  A gnoll shaman (D:8)
  2 bullfrog skeletons
  A hound (D:6)
  5 centaur skeletons
  2 jellies
  21 orc priests
  5 iguanas
  16 orc wizards
  2 killer bee zombies
  10 gnolls
  7 adders
  3 howler monkey skeletons (D:4)
  13 white imps
  An adder zombie (D:5)
  5 worms
  4 dart slugs
  60 orcs
  10 ball pythons
  6 endoplasms
  4 giant cockroaches
  5 goblins
  7 hobgoblins
  11 jackals
  12 quokkas
  5 bats
  8 frilled lizards
  19 kobolds
  5 rats
883 creatures vanquished.

Vanquished Creatures (collateral kills)
  Vashnia (Snake:2)
  A nagaraja (Snake:4)
  2 naga warriors
  A two-headed ogre (D:11)
  A shock serpent (Snake:1)
  A naga sharpshooter (Snake:2)
  3 salamander mystics (Snake:4)
  A deep elf pyromancer (Elf:1)
  A salamander (Snake:1)
  An orc sorcerer (Orc:2)
  A guardian serpent (Snake:4)
  2 cyclopes
  4 elephants
  A freezing wraith (D:12)
  A naga (Snake:3)
  A water moccasin (Lair:1)
  2 orc warriors (Orc:2)
  A wolf (Lair:2)
  2 orc priests (Orc:2)
  2 orcs
30 creatures vanquished.

Vanquished Creatures (others)
  2 dancing weapons
  2 tengu warriors (D:13)
  A salamander mystic (Snake:4)
  A deep elf knight (Elf:1)
  2 deep elf pyromancers
  An orc sorcerer (Orc:2)
  An ugly thing (D:13)
  A gargoyle (D:13)
  A centaur skeleton (D:14)
  A komodo dragon (D:13)
  2 yaktaurs (D:14)
  2 vampire mosquitoes (D:13)
  A warg (Orc:2)
  An orc warrior (Orc:2)
  A wolf (Lair:2)
  2 orc wizards
  9 orcs
  24 fungi
  32 plants
87 creatures vanquished.

Grand Total: 1000 creatures vanquished

Notes
Turn   | Place    | Note
-------+----------+-------------------------------------------
     0 | D:1      | Lekart the Draconian Chaos Knight began the quest for the
                  | Orb.
     0 | D:1      | Reached XP level 1. HP: 19/19 MP: 1/1
   216 | D:1      | Reached XP level 2. HP: 17/26 MP: 2/2
   330 | D:1      | XOM: silly message
   495 | D:1      | XOM: silly message
   741 | D:1      | Reached XP level 3. HP: 16/33 MP: 4/4
   957 | D:1      | Reached skill level 1 in Spellcasting
  1356 | D:2      | XOM: divination: magic mapping
  1400 | D:2      | XOM: divination: detect items
  1460 | D:2      | XOM: give mutations
  1460 | D:2      | Gained mutation: Your spells are a little harder to cast,
                  | but a little more powerful. [Xom's mischief]
  1460 | D:2      | Gained mutation: You possess an exceptional clarity of
                  | mind. [Xom's mischief]
  1460 | D:2      | Gained mutation: You are frail. (-10% HP) [Xom's mischief]
  1460 | D:2      | Gained mutation: You are dopey. (Int -2) [Xom's mischief]
  1467 | D:2      | Learned a level 3 spell: Ozocubu's Armour
  2040 | D:1      | XOM: summons 3 hostile shadow creatures
  2075 | D:1      | XOM: give mutation
  2075 | D:1      | Gained mutation: Your body sometimes deteriorates upon
                  | taking damage. [Xom's mischief]
  2614 | D:2      | XOM: noise
  2715 | D:2      | XOM: stat loss: -1 Str (14/15)
  2903 | D:3      | Reached XP level 4. HP: 36/36 MP: 5/5
  3295 | D:3      | XOM: swap monsters
  3300 | D:3      | XOM: 4-stop teleportation journey
  3317 | D:3      | Reached skill level 4 in Fighting
  3535 | D:3      | XOM: stat loss: -1 Str (15/16)
  3579 | D:3      | XOM: noise
  3881 | D:3      | Found a faded altar of an unknown god.
  3976 | D:3      | XOM: silly message
  4002 | D:3      | Reached XP level 5. HP: 28/41 MP: 7/7
  4177 | D:3      | Reached skill level 1 in Ice Magic
  4463 | D:3      | XOM: silly message
  4562 | D:3      | XOM is BORED!
  4562 | D:3      | XOM: silly message
  4659 | D:4      | XOM: divination: detect items
  4700 | D:4      | XOM: potion effect (curing)
  4717 | D:4      | XOM: 2-stop teleportation journey
  4725 | D:4      | HP: 2/41 [something (4)]
  4732 | D:4      | HP: 2/41 [adder (1)]
  4739 | D:4      | Reached XP level 6. HP: 15/46 MP: 8/8
  5036 | D:4      | HP: 1/47 [something (6)]
  5037 | D:4      | XOM: divination: detect items
  5160 | D:4      | XOM: enchant monster (good)
  5164 | D:4      | HP: 2/47 [orc wizard/puff of flame (9)]
  5273 | D:3      | XOM: give mutations
  5273 | D:3      | Gained mutation: Your body often deteriorates upon taking
                  | damage. [Xom's mischief]
  5273 | D:3      | Lost mutation: Your spells are a little harder to cast, but
                  | a little more powerful. [Xom's mischief]
  5273 | D:3      | Gained mutation: You are very dopey. (Int -4) [Xom's
                  | mischief]
  5273 | D:3      | Gained mutation: You have a pair of small horns on your
                  | head. [Xom's mischief]
  5588 | D:4      | Reached skill level 5 in Long Blades
  5750 | D:4      | XOM: noise
  6028 | D:4      | XOM: noise
  6070 | D:4      | XOM: cloud trail
  6115 | D:4      | Noticed a moth of wrath
  6120 | D:4      | Your scales start taking on a dull iron-grey colour.
  6120 | D:4      | Reached XP level 7. HP: 54/54 MP: 10/10
  6142 | D:4      | XOM: smoke on damage
  6150 | D:4      | Found a bloodstained altar of Trog.
  6164 | D:4      | XOM: confuse monster(s)
  6481 | D:4      | Found a staircase to the Ecumenical Temple.
  6656 | D:5      | Entered Level 5 of the Dungeon
  6667 | D:5      | XOM: destruction
  6720 | D:5      | XOM: god gift: book of the Warp
  6824 | D:5      | Reached skill level 5 in Fighting
  7070 | D:5      | XOM: 1-stop teleportation journey
  7071 | D:5      | XOM: divination: detect items
  7073 | D:5      | XOM: noise
  7385 | D:5      | XOM: god gift: 27 gold pieces
  7470 | D:5      | Found a snail-covered altar of Cheibriados.
  7630 | D:6      | XOM: scenery: create altars
  7684 | D:6      | XOM: cast spell 'Monstrous Menagerie'
  7687 | D:6      | Reached XP level 8. HP: 59/62 MP: 10/12
  7687 | D:6      | XOM: noise
  7704 | D:6      | Found Kaduvunute's Antique Weapon Shop.
  7761 | D:6      | Found an ancient bone altar of Kikubaaqudgha.
  7778 | D:6      | Identified the +1 scale mail of the Circus Animal {rC++
                  | Int+4}
  7822 | D:6      | XOM: god gift: 3 atropa-tipped darts
  7970 | D:6      | XOM: 9-stop teleportation journey
  8080 | D:6      | XOM: give mutations
  8080 | D:6      | Lost mutation: You are frail. (-10% HP) [Xom's mischief]
  8080 | D:6      | Lost mutation: You possess an exceptional clarity of mind.
                  | [Xom's mischief]
  8080 | D:6      | Lost mutation: Your body often deteriorates upon taking
                  | damage. [Xom's mischief]
  8371 | D:6      | Bought a steaming rapier for 207 gold pieces
  8371 | D:6      | Identified the +10 rapier "Elaumor" {protect, rElec rCorr
                  | Dex+2} (You bought it in a shop on level 6 of the Dungeon)
  8402 | D:7      | Reached skill level 1 in Throwing
  8696 | D:7      | XOM: summons 8 friendly demons
  8701 | D:7      | Reached skill level 6 in Fighting
  8701 | D:7      | Reached skill level 1 in Short Blades
  8708 | D:7      | XOM: 5-stop teleportation journey
  8772 | D:7      | Reached XP level 9. HP: 75/75 MP: 15/15
  8799 | D:7      | XOM: swap monsters
  8937 | D:6      | XOM: chaos upgrade
  9289 | D:7      | XOM: summons 5 hostile demons
  9410 | D:8      | Reached skill level 5 in Dodging
  9471 | D:8      | You fall into a shaft and drop 2 floors!
  9471 | D:10     | Entered Level 10 of the Dungeon
  9555 | D:10     | Noticed a troll
  9567 | D:10     | Killed a troll
  9768 | D:10     | Reached skill level 5 in Ice Magic
  9812 | D:10     | XOM: 4-stop teleportation journey
  9813 | D:10     | Noticed an orc knight
  9815 | D:10     | XOM: summons friendly ufetubus
  9820 | D:10     | Noticed a swamp dragon
  9820 | D:10     | an orc knight changed into a swamp dragon
  9820 | D:10     | XOM: polymorph orc knight -> swamp dragon
  9826 | D:10     | Killed a swamp dragon
  9827 | D:10     | Reached skill level 5 in Spellcasting
  9827 | D:10     | Reached XP level 10. HP: 31/84 MP: 7/17
 10353 | D:10     | Reached skill level 5 in Short Blades
 10508 | D:10     | XOM: 1-stop teleportation journey
 10554 | D:10     | XOM: give mutations
 10554 | D:10     | Gained mutation: You passively map a small area around you.
                  | [Xom's grace]
 10554 | D:10     | Gained mutation: You possess an exceptional clarity of
                  | mind. [Xom's grace]
 10554 | D:10     | Gained mutation: Your large and strong wings let you fly.
                  | [Xom's grace]
 10554 | D:10     | Gained mutation: You are agile. (Dex +2) [Xom's grace]
 10722 | D:10     | XOM: swap monsters
 10740 | D:10     | Reached skill level 7 in Fighting
 10872 | D:10     | XOM: summons 6 hostile demons
 10958 | D:10     | XOM: give mutations
 10958 | D:10     | Lost mutation: You are agile. (Dex +2) [Xom's mischief]
 10958 | D:10     | Lost mutation: You have a pair of small horns on your head.
                  | [Xom's mischief]
 10958 | D:10     | Lost mutation: You passively map a small area around you.
                  | [Xom's mischief]
 11346 | D:11     | Noticed a two-headed ogre
 11356 | D:11     | Killed a two-headed ogre
 11357 | D:11     | Reached skill level 1 in Shields
 11357 | D:11     | Reached skill level 1 in Evocations
 11577 | D:11     | Found a staircase to the Lair.
 11577 | D:11     | Noticed an elephant
 11602 | D:11     | Killed an elephant
 11604 | D:11     | XOM: fake destruction
 11784 | D:11     | XOM: 1-stop teleportation journey
 11840 | D:11     | Noticed a cyclops
 11845 | D:11     | XOM: summons 2 friendly demons
 11851 | D:11     | Killed a cyclops
 11995 | D:11     | XOM: torment (52/86 hp)
 12173 | D:11     | XOM: 1-stop teleportation journey
 12198 | D:11     | Reached XP level 11. HP: 82/92 MP: 17/20
 12259 | D:11     | Noticed a two-headed ogre
 12263 | D:11     | Killed a two-headed ogre
 12520 | D:11     | XOM: torment (55/92 hp)
 12664 | D:11     | XOM: summons 1 hostile demon
 12729 | D:11     | XOM is BORED!
 12760 | D:12     | Noticed an orc knight
 12764 | D:12     | XOM: divination: detect creatures
 12767 | D:12     | XOM: divination: magic mapping
 12791 | Lair:1   | Entered Level 1 of the Lair of Beasts
 12840 | Lair:1   | XOM: destruction
 12960 | Lair:1   | XOM: summons 5 friendly demons
 13001 | Lair:1   | XOM: divination: detect creatures
 13047 | Lair:1   | XOM: stat loss: -1 Int (6/8)
 13049 | Lair:1   | XOM: summons friendly red devil
 13077 | Lair:1   | XOM: chaos cloud
 13081 | Lair:1   | XOM: polymorph elephant -> wyvern
 13082 | Lair:1   | XOM: polymorph wyvern -> sky beast
 13095 | Lair:1   | XOM: summons 6 hostile demons
 13098 | Lair:1   | XOM: cast spell 'Summon Dragon'
 13109 | Lair:1   | XOM: divination: detect items
 13328 | D:11     | XOM: 5-stop teleportation journey
 13458 | Lair:1   | XOM: confuse monster(s)
 13461 | Lair:1   | XOM: give mutations
 13461 | Lair:1   | Gained mutation: You expend magic power (3 MP) to
                  | strengthen your wands. [Xom's grace]
 13461 | Lair:1   | Lost mutation: You are very dopey. (Int -4) [Xom's grace]
 13474 | Lair:1   | Lost mutation: You are dopey. (Int -2) [potion of mutation]
 13474 | Lair:1   | Lost mutation: You possess an exceptional clarity of mind.
                  | [potion of mutation]
 13474 | Lair:1   | Lost mutation: Your body sometimes deteriorates upon taking
                  | damage. [potion of mutation]
 13474 | Lair:1   | Gained mutation: You have sharp fingernails. [potion of
                  | mutation]
 13691 | Lair:1   | Noticed a four-headed hydra
 13697 | Lair:1   | Killed a four-headed hydra
 13754 | Lair:1   | XOM: divination: detect items
 14071 | Lair:2   | XOM: summons 3 friendly demons
 14080 | Lair:2   | Noticed an oklob plant
 14083 | Lair:2   | Noticed an oklob plant
 14087 | Lair:2   | XOM: confuse monster(s)
 14102 | Lair:2   | Killed an oklob plant
 14114 | Lair:2   | Killed an oklob plant
 14115 | Lair:2   | Reached skill level 8 in Fighting
 14153 | Lair:2   | XOM: 1-stop teleportation journey
 14154 | Lair:2   | Noticed a boulder beetle
 14164 | Lair:2   | XOM: summons 6 friendly demons
 14178 | Lair:2   | XOM: polymorph white imp -> crimson imp
 14194 | Lair:2   | XOM: destruction
 14379 | Lair:1   | XOM: torment (45/94 hp)
 14604 | Lair:2   | Noticed an eight-headed hydra
 14677 | D:11     | Noticed a lindwurm
 14677 | D:11     | an orc knight changed into a lindwurm
 14684 | D:11     | Killed a lindwurm
 14852 | D:12     | XOM: god gift: great sword {god gift}
 15067 | D:12     | Noticed an eight-headed hydra
 15073 | D:12     | Killed an eight-headed hydra
 15105 | D:12     | Noticed a purple ugly thing
 15126 | D:12     | XOM: fog
 15135 | D:11     | XOM: enchant monster (bad)
 15138 | D:11     | Killed a purple ugly thing
 15147 | D:12     | XOM: summons 2 friendly demons
 15278 | D:12     | Found a glowing golden altar of the Shining One.
 15333 | D:12     | Reached XP level 12. HP: 103/103 MP: 23/23
 15334 | D:12     | You are sucked into a shaft and drop 2 floors!
 15334 | D:14     | Noticed a centaur warrior
 15341 | D:13     | Noticed Erolcha
 15343 | D:14     | XOM: polymorph hornet -> shapeshifter
 15345 | D:14     | XOM: cleaving
 15357 | D:14     | Killed a centaur warrior
 15545 | D:14     | XOM: enchant monster (bad)
 15570 | D:14     | Noticed a six-headed hydra
 15573 | D:14     | XOM: smoke on damage
 15577 | D:14     | Killed a six-headed hydra
 15851 | D:14     | XOM: fake destruction
 15858 | D:14     | XOM: summons 8 friendly demons
 15859 | D:14     | XOM: polymorph cyclops -> elephant
 16101 | D:14     | XOM: torment (59/103 hp)
 16295 | D:14     | Noticed a centaur warrior
 16304 | D:14     | Noticed a boulder beetle
 16533 | D:14     | XOM: 5-stop teleportation journey
 16588 | D:13     | Killed Erolcha
 16834 | D:13     | Noticed a tengu warrior
 16836 | D:13     | Noticed a tengu warrior
 16846 | D:13     | Found a flickering gateway to a bazaar.
 16855 | Bazaar   | XOM: noise
 16855 | Bazaar   | Entered a bazaar
 17042 | Bazaar   | Found Qavvirribbu's Assorted Antiques.
 17064 | Bazaar   | Found Secaniuq's Antique Weapon Emporium.
 17085 | Bazaar   | Found Tobirgh's Weapon Boutique.
 17105 | Bazaar   | Found Cuadd's Magic Scroll Shoppe.
 17136 | Bazaar   | Bought a scroll of enchant weapon for 105 gold pieces
 17136 | Bazaar   | Bought a scroll of enchant weapon for 105 gold pieces
 17153 | Bazaar   | Bought a scroll of enchant weapon for 142 gold pieces
 17246 | Bazaar   | XOM: give mutations
 17246 | Bazaar   | Gained mutation: You are agile. (Dex +2) [Xom's grace]
 17246 | Bazaar   | Gained mutation: Your muscles are strong. (Str +2) [Xom's
                  | grace]
 17269 | D:13     | Noticed a boulder beetle
 17273 | D:13     | Killed a tengu warrior
 17273 | D:13     | Killed a tengu warrior
 17282 | D:13     | XOM: destruction
 17285 | D:13     | XOM: confuse monster(s)
 17286 | D:13     | XOM: polymorph red ugly thing -> green ugly thing
 17289 | D:13     | XOM: confuse monster(s)
 17290 | D:13     | XOM: summons 5 friendly demons
 17301 | D:13     | Noticed a death knight
 17302 | D:13     | Noticed an eight-headed hydra
 17313 | D:13     | XOM: enchant monster (bad)
 17320 | D:12     | XOM: confuse monster(s)
 17626 | D:12     | XOM: silly message
 17673 | D:12     | Noticed a death knight
 17676 | D:12     | XOM: noise
 17714 | D:12     | XOM: scenery: create altars
 17733 | D:12     | XOM: cleaving
 17735 | D:12     | XOM: confuse monster(s)
 18195 | D:11     | XOM: summons 3 hostile shadow creatures
 18196 | D:11     | Noticed a centaur warrior
 18487 | Lair:1   | XOM: give mutations
 18487 | Lair:1   | Gained mutation: You have a somewhat thin skeletal
                  | structure. (Dex +2, Stealth+) [Xom's grace]
 18487 | Lair:1   | Gained mutation: Your tail ends in a poisonous barb. [Xom's
                  | grace]
 18487 | Lair:1   | Gained mutation: You have very sharp fingernails. [Xom's
                  | grace]
 18522 | Lair:2   | Killed a four-headed hydra
 18625 | Lair:2   | a boulder beetle changed into a shapeshifter
 18625 | Lair:2   | XOM: polymorph boulder beetle -> shapeshifter
 18778 | Lair:2   | XOM: 2-stop teleportation journey
 18852 | Lair:2   | XOM: 2-stop teleportation journey
 19356 | Lair:2   | XOM: god gift: glowing hand axe {god gift}
 19500 | Lair:2   | XOM: give mutation
 19500 | Lair:2   | Lost mutation: You have a somewhat thin skeletal structure.
                  | (Dex +2, Stealth+) [Xom's mischief]
 19604 | Lair:3   | Found a staircase to the Snake Pit.
 19681 | Lair:3   | XOM: summons friendly crimson imp
 19838 | Lair:3   | Reached skill level 9 in Fighting
 20012 | Lair:3   | XOM: noise
 20031 | Lair:3   | Noticed a boulder beetle
 20045 | Lair:3   | Killed a boulder beetle
 20065 | Lair:3   | XOM: enchant monster (bad)
 20066 | Lair:3   | XOM: summons 4 hostile shadow creatures
 20068 | Lair:3   | Reached XP level 13. HP: 111/111 MP: 25/25
 20082 | Lair:3   | XOM: 1-stop teleportation journey
 20083 | Lair:3   | Found a staircase to the Shoals.
 20092 | Lair:3   | XOM: confuse monster(s)
 20093 | Lair:3   | XOM: enchant monster (bad)
 20107 | Lair:3   | XOM: cast spell 'Necromutation'
 20508 | Lair:3   | XOM: confusion
 20804 | Lair:3   | XOM: cloud trail
 20929 | Lair:3   | XOM: potion effect (heal wounds)
 20938 | Lair:3   | XOM: potion effect (experience)
 20938 | Lair:3   | Reached XP level 14. HP: 109/118 MP: 26/26
 21014 | Lair:3   | XOM: give mutations
 21014 | Lair:3   | Gained mutation: You occasionally shout uncontrollably at
                  | your foes. [Xom's mischief]
 21014 | Lair:3   | Gained mutation: You are frail. (-10% HP) [Xom's mischief]
 21160 | Lair:3   | XOM: give mutations
 21160 | Lair:3   | Gained mutation: You sometimes lose the ability to read
                  | scrolls when taking damage. [Xom's mischief]
 21160 | Lair:3   | Lost mutation: Your tail ends in a poisonous barb. [Xom's
                  | mischief]
 21160 | Lair:3   | Gained mutation: You frequently scream uncontrollably at
                  | your foes. [Xom's mischief]
 21160 | Lair:3   | Gained mutation: Your mind is acute. (Int +2) [Xom's
                  | mischief]
 21415 | Lair:3   | Reached skill level 5 in Shields
 21442 | Lair:3   | XOM: enchant monster (good)
 21445 | Lair:3   | XOM: summons 2 friendly demons
 21617 | Lair:4   | XOM: cleaving
 21801 | Lair:4   | XOM: polymorph yak -> warg
 21979 | Lair:4   | XOM: enchant monster (bad)
 22006 | Lair:4   | XOM: scenery: create altars
 22007 | Lair:4   | XOM: summons 7 friendly demons
 22014 | Lair:4   | XOM: summons friendly white imp
 22053 | Lair:4   | Reached skill level 10 in Short Blades
 22076 | Lair:4   | XOM: god gift: potion of curing
 22532 | Lair:4   | XOM: noise
 22564 | Lair:4   | XOM: scenery: create altars
 22606 | Lair:4   | XOM: give mutations
 22606 | Lair:4   | Gained mutation: You are strong-willed. (Will+) [Xom's
                  | grace]
 22606 | Lair:4   | Gained mutation: Your mind is very acute. (Int +4) [Xom's
                  | grace]
 22858 | Lair:5   | XOM: noise
 22862 | Lair:4   | XOM: summons friendly shadow imp
 22865 | Lair:4   | XOM: snakes to sticks
 22874 | Lair:5   | XOM: fog
 22964 | Lair:5   | XOM: polymorph elephant -> swamp dragon
 23082 | Lair:4   | XOM: confuse monster(s)
 23218 | Lair:4   | XOM is BORED!
 23218 | Lair:4   | XOM: give mutation
 23218 | Lair:4   | Lost mutation: You are frail. (-10% HP) [Xom's mischief]
 23506 | Lair:5   | Found a runed translucent door.
 23519 | Lair:5   | XOM: polymorph rime drake -> wyvern
 23624 | Lair:5   | XOM: god gift: 31 gold pieces
 23677 | Lair:5   | Found a shimmering altar of Xom.
 23677 | Lair:5   | Noticed Mandevil's ghost (journeyman OgGl)
 23684 | Lair:5   | XOM: god gift: lightning rod (4/4)
 23943 | Lair:5   | Found a viscous altar of Jiyva.
 23943 | Lair:5   | Found a staircase to the Slime Pits.
 24029 | Lair:5   | XOM: give mutations
 24029 | Lair:5   | Gained mutation: Your tail ends in a poisonous barb. [Xom's
                  | grace]
 24029 | Lair:5   | Gained mutation: You are partially covered in large bone
                  | plates. (SH +4) [Xom's grace]
 24029 | Lair:5   | Gained mutation: Your system is resistant to poisons.
                  | (rPois) [Xom's grace]
 24029 | Lair:5   | Gained mutation: You are robust. (+10% HP) [Xom's grace]
 24097 | Lair:6   | Entered Level 6 of the Lair of Beasts
 24110 | Lair:6   | XOM: divination: detect items
 24143 | Lair:5   | XOM: scenery: summon butterflies
 24158 | Lair:5   | XOM: polymorph blink frog -> queen bee
 24206 | Lair:6   | XOM: potion effect (magic)
 24245 | Lair:6   | XOM: divine lightning
 24401 | Lair:6   | XOM: polymorph hell hound -> chaos spawn
 24567 | Lair:5   | XOM: divination: detect items
 24758 | Lair:6   | XOM: god gift: staff of earth
 24768 | Lair:6   | XOM: summons 14 friendly demons
 24928 | Lair:6   | XOM: confusion
 25232 | Lair:6   | Reached skill level 10 in Ice Magic
 25258 | Lair:6   | Reached skill level 10 in Fighting
 25524 | Lair:6   | XOM: divination: magic mapping
 25742 | Lair:6   | XOM: god gift: 38 gold pieces
 25854 | Lair:6   | XOM: divination: detect items
 26083 | Lair:6   | Found a large runed translucent door.
 26083 | Lair:6   | Found a large runed translucent door.
 26115 | Lair:6   | Reached XP level 15. HP: 99/138 MP: 24/28
 26163 | Lair:6   | XOM: 3-stop teleportation journey
 26812 | Lair:6   | XOM: 7-stop teleportation journey
 26944 | D:12     | XOM: summons 2 friendly demons
 27463 | D:12     | XOM: noise
 27465 | D:12     | XOM: confuse monster(s)
 27492 | D:12     | XOM: divination: magic mapping
 27695 | D:12     | XOM: scenery: summon butterflies
 27944 | D:12     | XOM: silly message
 27981 | D:12     | XOM is BORED!
 27981 | D:12     | XOM: summons 4 hostile shadow creatures
 28383 | D:13     | XOM: repel stairs
 28403 | D:13     | Reached skill level 10 in Long Blades
 28516 | D:13     | XOM: 3-stop teleportation journey
 28527 | D:13     | XOM: summons 6 friendly demons
 28547 | D:13     | Reached skill level 10 in Dodging
 28947 | D:13     | XOM: torment (83/140 hp)
 29277 | D:13     | Lost mutation: You are strong-willed. (Will+) [potion of
                  | mutation]
 29277 | D:13     | Lost mutation: Your muscles are strong. (Str +2) [potion of
                  | mutation]
 29277 | D:13     | Lost mutation: Your mind is very acute. (Int +4) [potion of
                  | mutation]
 29278 | D:13     | Lost mutation: Your tail ends in a poisonous barb. [potion
                  | of mutation]
 29278 | D:13     | Lost mutation: You sometimes lose the ability to read
                  | scrolls when taking damage. [potion of mutation]
 29278 | D:13     | Lost mutation: You are robust. (+10% HP) [potion of
                  | mutation]
 29278 | D:13     | Gained mutation: Your mind is very acute. (Int +4) [potion
                  | of mutation]
 29390 | Snake:1  | Entered Level 1 of the Snake Pit
 29736 | Snake:1  | XOM: torment (71/128 hp)
 29840 | Snake:1  | XOM is BORED!
 29840 | Snake:1  | XOM: summons 4 hostile shadow creatures
 29865 | Snake:1  | Noticed Vauzamim's ghost (adept HuWn)
 29871 | Snake:1  | Reached skill level 10 in Spellcasting
 29883 | Snake:1  | XOM: scenery: create altars
 30103 | Snake:1  | XOM: enchant monster (bad)
 30107 | Snake:1  | Found a runed translucent gate.
 30107 | Snake:1  | Found a runed translucent gate.
 30130 | Snake:1  | Found a runed translucent gate.
 30230 | Snake:1  | Killed Vauzamim's ghost
 30390 | Snake:1  | XOM: confusion
 30450 | Snake:1  | XOM: stat loss: -1 Int (16/17)
 30620 | Snake:1  | Identified the +2 robe of the Griffon {*Corrode rElec rF++
                  | Int+3}
 30650 | Snake:1  | XOM: give mutations
 30650 | Snake:1  | Gained mutation: Your spells are a little harder to cast,
                  | but a little more powerful. [Xom's grace]
 30650 | Snake:1  | Gained mutation: You are covered in fur. (AC +1) [Xom's
                  | grace]
 30650 | Snake:1  | Gained mutation: You evolve. [Xom's grace]
 30651 | Snake:1  | XOM: snakes to sticks
 30896 | Snake:1  | XOM: fake destruction
 30932 | Lair:3   | XOM: give mutations
 30932 | Lair:3   | Lost mutation: Your spells are a little harder to cast, but
                  | a little more powerful. [Xom's mischief]
 30932 | Lair:3   | Lost mutation: Your mind is very acute. (Int +4) [Xom's
                  | mischief]
 31248 | Snake:1  | XOM: 2-stop teleportation journey
 31278 | Snake:1  | XOM: 4-stop teleportation journey
 31295 | Snake:1  | Lost mutation: You are agile. (Dex +2) [potion of mutation]
 31295 | Snake:1  | Lost mutation: Your mind is acute. (Int +2) [potion of
                  | mutation]
 31295 | Snake:1  | Gained mutation: Your spells are a little harder to cast,
                  | but a little more powerful. [potion of mutation]
 31295 | Snake:1  | Gained mutation: Your flesh is cold resistant. (rC+)
                  | [potion of mutation]
 31328 | Snake:1  | XOM: give mutations
 31328 | Snake:1  | Gained mutation: You passively dampen the noise of your
                  | surroundings. [Xom's grace]
 31328 | Snake:1  | Lost mutation: You evolve. [Xom's grace]
 31328 | Snake:1  | Gained mutation: You are somewhat resistant to further
                  | mutation. [Xom's grace]
 31592 | Snake:1  | XOM: 9-stop teleportation journey
 31596 | Snake:1  | XOM: summons 4 friendly demons
 31602 | Snake:1  | XOM: polymorph shadow imp -> white imp
 31612 | Snake:1  | XOM: snakes to sticks
 31863 | Snake:1  | XOM: give mutations
 31863 | Snake:1  | Gained mutation: Your natural rate of healing is unusually
                  | fast. [Xom's grace]
 31863 | Snake:1  | Gained mutation: Your muscles are strong. (Str +2) [Xom's
                  | grace]
 32133 | D:12     | XOM: god gift: 11 stones
 32209 | D:14     | XOM: cloud trail
 32363 | D:15     | Entered Level 15 of the Dungeon
 32676 | D:14     | Reached skill level 11 in Fighting
 32828 | D:14     | XOM: divine lightning
 32832 | D:14     | XOM: divine lightning
 32892 | D:14     | Identified the +8 shortbow of Jimaduv {freeze, +Blink rPois
                  | Will- MP+9}
 32938 | D:14     | Found a gate to the Vaults.
 32995 | D:15     | XOM: destruction
 33001 | D:15     | XOM: polymorph orc knight -> elephant
 33005 | D:15     | Found a hide-covered altar of Uskayaw.
 33119 | D:15     | Found a staircase to the Depths.
 33125 | D:15     | XOM: polymorph wolf spider -> queen bee
 33127 | D:15     | XOM: summons friendly shadow imp
 33148 | D:15     | XOM: divination: detect creatures
 33209 | Depths:1 | Entered Level 1 of the Depths
 33382 | D:15     | Reached XP level 16. HP: 137/137 MP: 30/30
 33447 | D:15     | XOM: summons 6 friendly demons
 33543 | D:15     | XOM: cleaving
 33580 | D:15     | XOM: cast spell 'Alistair's Intoxication'
 34233 | D:9      | Found a hide-covered altar of Uskayaw.
 34238 | D:9      | Found a staircase to the Orcish Mines.
 34244 | D:9      | XOM is BORED!
 34244 | D:9      | XOM: summons 4 hostile shadow creatures
 34382 | D:9      | Found a shimmering altar of Xom.
 34536 | D:9      | XOM: enchant monster (good)
 34562 | D:9      | Found a broken altar of Ashenzari.
 34710 | Orc:1    | Entered Level 1 of the Orcish Mines
 34720 | Orc:1    | Found a frozen archway.
 34740 | Orc:1    | XOM: 2-stop teleportation journey
 34970 | Orc:2    | Entered Level 2 of the Orcish Mines
 35006 | Orc:2    | XOM: divine lightning
 35092 | Orc:1    | XOM: enchant monster (good)
 35127 | Orc:1    | XOM: god gift: box of beasts
 35135 | Orc:2    | XOM: cleaving
 35183 | Orc:1    | Found Paighala's Assorted Antiques.
 35183 | Orc:1    | XOM: 6-stop teleportation journey
 35399 | Orc:2    | XOM: summons 2 friendly demons
 35411 | Orc:1    | XOM: smoke on damage
 35418 | Orc:1    | XOM: cleaving
 35477 | Orc:2    | XOM: fake destruction
 35672 | Orc:2    | XOM: summons friendly hellwing
 36122 | Orc:2    | Found Bonisoc's General Store.
 36125 | Orc:2    | Found Rofadufe's Jewellery Shoppe.
 36133 | Orc:2    | Found Huirev's Antique Armour Shoppe.
 36133 | Orc:2    | Found Moer's Antique Weapon Emporium.
 36140 | Orc:2    | Bought the ring "Dauvink" {MP+9 Str+4 Int+5} for 550 gold
                  | pieces
 36184 | Orc:2    | Bought a runed buckler for 225 gold pieces
 36203 | Orc:2    | Bought a smouldering hand crossbow for 238 gold pieces
 36203 | Orc:2    | Identified the +4 hand crossbow of Yseq {vorpal, Str+6}
                  | (You bought it in a shop on level 2 of the Orcish Mines)
 36509 | D:12     | XOM: god gift: leather armour {god gift}
 37016 | Lair:4   | XOM: god gift: +2 cloak of poison resistance
 37253 | D:8      | Found Xeicw's General Store.
 37505 | D:8      | XOM: give mutations
 37505 | D:8      | Gained mutation: Your flesh is heat resistant. (rF+) [Xom's
                  | grace]
 37505 | D:8      | Gained mutation: Your flesh is very heat resistant. (rF++)
                  | [Xom's grace]
 37505 | D:8      | Gained mutation: You are strong-willed. (Will+) [Xom's
                  | grace]
 37505 | D:8      | Gained mutation: Your skin changes colour to match your
                  | surroundings (Stealth+). [Xom's grace]
 37546 | D:8      | Found an ornate altar of the Wu Jian Council.
 37546 | D:8      | Found a white marble altar of Elyvilon.
 37868 | D:8      | XOM: blink monster(s)
 37920 | D:8      | Got Vehumet's Guide on Battle Magic
 37989 | D:7      | Reached skill level 1 in Crossbows
 37999 | D:7      | XOM: noise
 38496 | Snake:2  | Noticed Vashnia
 38500 | Snake:2  | XOM is BORED!
 38500 | Snake:2  | XOM: silly message
 38665 | Snake:2  | XOM: silly message
 38760 | Snake:2  | XOM: silly message
 38761 | Snake:2  | XOM: potion effect (heal wounds)
 38843 | Snake:2  | XOM: silly message
 39061 | Snake:1  | XOM is BORED!
 39061 | Snake:1  | XOM: summons 1 hostile shadow creature
 39085 | Snake:2  | XOM: cast spell 'Summon Dragon'
 39086 | Snake:2  | XOM: summons 5 friendly demons
 39087 | Snake:2  | XOM: fog
 39110 | Snake:2  | Killed Vashnia
 39165 | Snake:2  | XOM: give mutations
 39165 | Snake:2  | Lost mutation: Your muscles are strong. (Str +2) [Xom's
                  | mischief]
 39165 | Snake:2  | Lost mutation: Your flesh is cold resistant. (rC+) [Xom's
                  | mischief]
 39165 | Snake:2  | Lost mutation: You frequently scream uncontrollably at your
                  | foes. [Xom's mischief]
 39165 | Snake:2  | Lost mutation: You expend magic power (3 MP) to strengthen
                  | your wands. [Xom's mischief]
 39217 | Snake:2  | XOM: scenery: 1 doors close
 39391 | Snake:2  | XOM: scenery: 1 doors open, 1 doors close
 39575 | Snake:2  | Noticed Aizul
 39614 | Snake:2  | Killed Aizul
 39758 | Snake:2  | XOM: 4-stop teleportation journey
 39787 | Snake:2  | XOM: give mutations
 39787 | Snake:2  | Lost mutation: Your large and strong wings let you fly.
                  | [Xom's mischief]
 39787 | Snake:2  | Lost mutation: Your flesh is very heat resistant. (rF++)
                  | [Xom's mischief]
 39787 | Snake:2  | Lost mutation: Your spells are a little harder to cast, but
                  | a little more powerful. [Xom's mischief]
 39787 | Snake:2  | Gained mutation: Your body sometimes deteriorates upon
                  | taking damage. [Xom's mischief]
 40102 | Snake:3  | XOM: potion effect (brilliance)
 40441 | Snake:2  | XOM: scenery: 1 doors close
 40583 | Snake:2  | XOM: cast spell 'Summon Dragon'
 40623 | Snake:3  | XOM: cleaving
 40699 | Snake:3  | Learned a level 3 spell: Frozen Ramparts
 40764 | Snake:3  | Reached skill level 12 in Fighting
 40812 | Snake:3  | XOM: snakes to sticks
 40842 | Snake:3  | Noticed Asterion
 40864 | Snake:3  | XOM: silly message
 40877 | Snake:2  | XOM: silly message
 40881 | Snake:2  | Killed Asterion
 40969 | Snake:3  | XOM: silly message
 41037 | Snake:3  | XOM: 7-stop teleportation journey
 41075 | Snake:3  | Reached skill level 10 in Shields
 41167 | Snake:3  | Found Yzyhi's Antique Weapon Boutique.
 41226 | Snake:3  | XOM: cast spell 'Summon Small Mammal'
 41557 | Snake:4  | Entered Level 4 of the Snake Pit
 41581 | Snake:4  | XOM: silly message
 41594 | Snake:4  | XOM: silly message
 41603 | Snake:4  | XOM: swap monsters
 41604 | Snake:4  | XOM: swap monsters
 41605 | Snake:4  | XOM: chaos upgrade
 41621 | Snake:4  | Reached XP level 17. HP: 145/146 MP: 30/32
 41811 | Snake:4  | XOM: enchant monster (bad)
 41851 | Snake:4  | XOM: polymorph naga warrior -> faun
 42048 | Snake:4  | Got the Compendium of Dark Secrets
 42061 | Snake:4  | XOM: blink monster(s)
 42133 | Snake:4  | XOM: 1-stop teleportation journey
 42147 | Snake:4  | XOM: smoke on damage
 42456 | Snake:4  | Found a runed translucent door.
 42456 | Snake:4  | Noticed Feb132020's ghost (adept GrEE)
 42525 | Snake:4  | Killed Feb132020's ghost
 42530 | Snake:4  | XOM: scenery: 1 doors close
 42627 | Snake:4  | XOM: enchant monster (bad)
 42640 | Snake:4  | XOM: blink monster(s)
 42640 | Snake:4  | XOM: smoke on damage
 42643 | Snake:4  | XOM: noise
 42656 | Snake:3  | XOM: smoke on damage
 42750 | Snake:3  | XOM: divination: magic mapping
 42900 | Snake:3  | Lost mutation: Your system is resistant to poisons. (rPois)
                  | [potion of mutation]
 42900 | Snake:3  | Lost mutation: You are partially covered in large bone
                  | plates. (SH +4) [potion of mutation]
 42900 | Snake:3  | Lost mutation: You occasionally shout uncontrollably at
                  | your foes. [potion of mutation]
 42901 | Snake:3  | Lost mutation: Your flesh is heat resistant. (rF+) [potion
                  | of mutation]
 42901 | Snake:3  | Lost mutation: You are covered in fur. (AC +1) [potion of
                  | mutation]
 42901 | Snake:3  | Gained mutation: Your flesh is heat resistant. (rF+)
                  | [potion of mutation]
 42901 | Snake:3  | Gained mutation: Your muscles are strong. (Str +2) [potion
                  | of mutation]
 42902 | Snake:3  | Lost mutation: Your muscles are strong. (Str +2) [potion of
                  | mutation]
 42902 | Snake:3  | Lost mutation: Your flesh is heat resistant. (rF+) [potion
                  | of mutation]
 42902 | Snake:3  | Lost mutation: You are strong-willed. (Will+) [potion of
                  | mutation]
 42903 | Snake:3  | Lost mutation: Your body sometimes deteriorates upon taking
                  | damage. [potion of mutation]
 42903 | Snake:3  | Lost mutation: You are somewhat resistant to further
                  | mutation. [potion of mutation]
 42903 | Snake:3  | Lost mutation: Your natural rate of healing is unusually
                  | fast. [potion of mutation]
 42903 | Snake:3  | Gained mutation: You possess an exceptional clarity of
                  | mind. [potion of mutation]
 42978 | Snake:4  | XOM: scenery: create altars
 43153 | Snake:4  | XOM: polymorph salamander tyrant -> storm dragon
 43162 | Snake:4  | XOM: summons 2 hostile shadow creatures
 43582 | Snake:4  | XOM: fog
 43890 | Snake:4  | XOM: polymorph naga warrior -> redback
 43920 | Snake:4  | XOM: blink monster(s)
 43932 | Snake:4  | XOM: divine lightning
 44019 | Snake:4  | XOM: scenery: 1 doors open, 1 doors close
 44414 | Snake:4  | XOM: confuse monster(s)
 44442 | Snake:4  | XOM: summons 6 friendly demons
 44475 | Snake:4  | XOM: god gift: plate armour {god gift}
 44499 | Snake:4  | XOM: enchant monster (bad)
 44518 | Snake:4  | XOM: give mutations
 44518 | Snake:4  | Gained mutation: You are frail. (-10% HP) [Xom's mischief]
 44518 | Snake:4  | Gained mutation: You are very frail. (-20% HP) [Xom's
                  | mischief]
 44518 | Snake:4  | Gained mutation: You are weak. (Str -2) [Xom's mischief]
 44536 | Snake:4  | XOM: enchant monster (good)
 44542 | Snake:4  | XOM: summons 2 friendly demons
 44644 | Snake:4  | XOM: god gift: glowing broad axe {god gift}
 44706 | Snake:4  | XOM: scenery: 1 doors close
 44725 | Snake:4  | XOM: 1-stop teleportation journey
 45075 | Snake:4  | XOM: give mutations
 45075 | Snake:4  | Gained mutation: Your large and strong wings let you fly.
                  | [Xom's grace]
 45075 | Snake:4  | Gained mutation: You expend magic power (3 MP) to
                  | strengthen your wands. [Xom's grace]
 45283 | Snake:4  | XOM: scenery: summon butterflies
 45517 | Snake:4  | XOM: summons 10 friendly demons
 45519 | Snake:4  | Identified the +5 lajatang "Ilel" {vorpal, *Rage rN+++
                  | Int-5 SInv}
 45694 | Snake:4  | XOM: enchant monster (good)
 45909 | Snake:4  | XOM: smoke on damage
 46011 | Snake:4  | XOM: god gift: scarf of repulsion
 46313 | Snake:4  | XOM: potion effect (magic)
 46328 | Snake:4  | XOM: potion effect (curing)
 46338 | Snake:4  | XOM: divination: detect items
 46393 | Snake:4  | Got a serpentine rune of Zot
 46589 | Snake:4  | XOM is BORED!
 46900 | Orc:2    | XOM: potion effect (haste)
 47087 | Orc:2    | Found a staircase to the Elven Halls.
 47087 | Orc:2    | XOM: silly message
 47173 | Orc:2    | Found Jiepn's CLEARANCE SALE! EVERYTHING MUST GO!.
 47300 | Elf:1    | Entered Level 1 of the Elven Halls
 47323 | Elf:1    | Reached XP level 18. HP: 93/124 MP: 34/34
 47637 | Elf:1    | XOM: potion effect (invisibility)
 48019 | Elf:1    | Reached skill level 13 in Fighting
 48049 | Elf:1    | XOM: noise
 48101 | Elf:1    | XOM: silly message
 48231 | Elf:1    | XOM: noise
 48242 | Elf:1    | XOM: summons 4 hostile demons
 48244 | Elf:1    | HP: 4/125 [something/lance of force (21)]
 48244 | Elf:1    | HP: 1/125 [something (3)]
 48795 | Elf:1    | XOM: silly message
 48911 | Elf:1    | XOM: silly message
 49097 | Elf:1    | Found a runed translucent gate.
 49097 | Elf:1    | Found a runed translucent gate.
 49097 | Elf:1    | Found a runed translucent gate.
 49097 | Elf:1    | Found a runed translucent gate.
 49097 | Elf:1    | Found a runed translucent gate.
 49098 | Elf:1    | Found a runed translucent gate.
 49659 | Depths:1 | Found a white marble altar of Elyvilon.
 49680 | Depths:1 | XOM: swap monsters
 49775 | D:15     | XOM: give mutations
 49775 | D:15     | Lost mutation: You are weak. (Str -2) [Xom's mischief]
 49775 | D:15     | Gained mutation: You sometimes lose the ability to read
                  | scrolls when taking damage. [Xom's mischief]
 49775 | D:15     | Gained mutation: Your body sometimes deteriorates upon
                  | taking damage. [Xom's mischief]
 50112 | Depths:1 | Reached skill level 5 in Crossbows
 50183 | Depths:1 | XOM: god gift: potion of mutation
 50188 | Depths:1 | Lost mutation: You are very frail. (-20% HP) [potion of
                  | mutation]
 50188 | Depths:1 | Lost mutation: You are frail. (-10% HP) [potion of
                  | mutation]
 50188 | Depths:1 | Gained mutation: You are resistant to electric shocks.
                  | (rElec) [potion of mutation]
 50188 | Depths:1 | Gained mutation: You have large cloven feet. [potion of
                  | mutation]
 50188 | Depths:1 | Gained mutation: Your mind is acute. (Int +2) [potion of
                  | mutation]
 50274 | Depths:1 | XOM: give mutation
 50274 | Depths:1 | Gained mutation: You have a somewhat thin skeletal
                  | structure. (Dex +2, Stealth+) [Xom's grace]
 50324 | Depths:1 | XOM: smoke on damage
 50398 | Depths:1 | XOM: fog
 50399 | Depths:1 | XOM: destruction
 50663 | Depths:1 | XOM: 2-stop teleportation journey
 50666 | Depths:1 | XOM: give mutations
 50666 | Depths:1 | Gained mutation: Your system is resistant to poisons.
                  | (rPois) [Xom's grace]
 50666 | Depths:1 | Gained mutation: Your muscles are strong. (Str +2) [Xom's
                  | grace]
 50666 | Depths:1 | Gained mutation: Your natural rate of healing is unusually
                  | fast. [Xom's grace]
 50666 | Depths:1 | Gained mutation: Your flesh is cold resistant. (rC+) [Xom's
                  | grace]
 50828 | Depths:1 | Found an ornate altar of the Wu Jian Council.
 50910 | Depths:1 | XOM: cleaving
 50914 | Depths:1 | XOM: enchant monster (bad)
 51096 | Depths:1 | XOM: polymorph white ugly thing -> green ugly thing
 51239 | Depths:1 | XOM: summons 4 friendly demons
 51530 | Depths:1 | XOM: summons 3 friendly demons
 51544 | Depths:1 | Killed from afar by a smoke demon

Illustrated notes

Levels and vault maps discovered:
D:1:      lemuel_arrival_funnel, layout_loops_ring, item_on_display_a
D:2:      layout_loops_ring
D:3:      minmay_razor_zed, layout_loops_corners,
          shapermc_ecumenical_altar_ellora, kennysheep_nub
D:4:      layout_basic, tgw_trog, minmay_temple_entry_statues_fountains
D:5:      layout_cave_pools, cheibriados_altar_1, serial_column_ruins,
          column_ruins_circle_medium, column_ruins_open_small,
          column_ruins_corridor_plus, column_ruins_corridor_straight,
          column_ruins_columns_corner, grunt_ministairs_2
D:6:      layout_basic, kiku_gazebo_pond_becter, serial_shops,
          nicolae_diamond_shop
D:7:      layout_gridville, corner_web_ring
D:8:      layout_basic, jmf_multi_god_temple, serial_shops,
          nicolae_lakefront_shop, st_stairs_6, grunt_tough_drop
D:9:      layout_basic, lemuel_round_altar, orc_0_dummy,
          minmay_misc_feat_rugged, minmay_misc_feat_hallway,
          hangedman_feature_mirror
D:10:     layout_irregular_city
D:11:     layout_roguey, david_lair_generic
D:12:     layout_long_grid, nicolae_tso_carved_into_rock
D:13:     layout_rooms, serial_shops, freezing_bzr, uniq_erolcha
D:14:     minmay_stepped, layout_long_grid,
          hangedman_vaults_entry_quadrant_bands, hangedman_decor_opposing
D:15:     hangedman_depths_entry_try_elsewhere_first, layout_basic,
          minmay_misc_feat_roman, nicolae_uskayaw_en_pointe
Lair:1:   layout_big_grid
Lair:2:   dpeg_oklob_gauntlet, layout_small_grid, serial_bayou_pond_a,
          grunt_megastairs_1, minmay_lair_oklob_chamber, lemuel_fruit_tree
Lair:3:   layout_gridlike, elwin_shoals_entry_stream,
          guppyfry_snake_entry_island
Lair:4:   layout_regular_city, grunt_megastairs_5
Lair:5:   layout_cave_shapes, dpeg_slime_entry_enclosed_altar,
          ebering_ghost_xom, infiniplex_staircase_pool, serial_bayou_shore_a,
          lemuel_fruit_fields
Lair:6:   cheibrodos_lair_end_hotspot, layout_regular_city, minivault_23,
          chequers_serial_rivers_room_a
Snake:1:  layout_concentric_octagons, special_room, ebering_ghost_rock_garden
Snake:2:  layout_cave_town, uniq_aizul, uniq_vashnia
Snake:3:  layout_cave_shapes, minmay_shop_star, uniq_asterion
Snake:4:  snake_pit_salamanders_mu, layout_cave_shapes, gammafunk_ghost_grave,
          grunt_megastairs_3
Orc:1:    layout_diamond_mine, enter_bailey_6, portal_ice_cave_entry_imps,
          nicolae_volcano_entry_lava_flow, serial_shops,
          nicolae_shop_overgrown_old_shop
Orc:2:    st_orc_congregation, layout_caves, nicolae_shop_clearance
Elf:1:    minmay_elf_arrival_summoners, layout_onion_city, orc_legates,
          dk_noncrumbling_4, grunt_ministairs_9
Depths:1: layout_honeycomb, hellmouth_2, nicolae_wu_jian_immortal_techniques,
          minivault_11, serial_sigils_hangedman_confine, elyvilon_altar_3,
          serial_bayou_shore_b, serial_bayou_shore_b, firewood_loft

Skill      XL: |  1  2  3  4  5  6  7  8  9 10 11 12 13 14 15 16 17 18 |
---------------+-------------------------------------------------------+-----
Spellcasting   | 1 2 3 4 5 6 7 8 9 10 11 12 | 12.6
Fighting       | 4 5 6 7 8 9 10 11 12 13 | 13.5
Long Blades    | 4 5 6 7 8 9 10 11 12 | 12.8
Ice Magic      | 1 2 3 4 5 6 7 8 9 10 11 | 11.0
Dodging        | 3 4 5 7 8 9 10 11 12 | 12.6
Throwing       | 1 2 |  2.3
Short Blades   | 1 4 6 8 9 10 11 12 | 12.8
Shields        | 2 3 4 6 8 10 11 | 11.4
Evocations     | 1 2 3 4 |  4.7
Earth Magic    | 8 |  8.2
Crossbows      | 3 4 5 |  5.1
Axes           | |  0.6

Action                   |  1- 3 |  4- 6 |  7- 9 | 10-12 | 13-15 | 16-18 || total
-------------------------+-------+-------+-------+-------+-------+-------++-------
Melee: Falchion          |   129 |   210 |   138 |    56 |       |       ||   533
       Tailslap          |    15 |    29 |    34 |   122 |   228 |   293 ||   721
       Headbutt          |       |     6 |    48 |    14 |       |       ||    68
       Rapier            |       |       |   126 |   450 |   740 |   753 ||  2069
       Scimitar          |       |       |       |    65 |   415 |   710 ||  1190
       War axe           |       |       |       |     9 |       |       ||     9
 Fire: Hand crossbow     |       |       |       |       |       |   342 ||   342
Throw: Dart              |     8 |       |    12 |     7 |       |       ||    27
       Javelin           |       |       |       |     6 |       |       ||     6
       Throwing net      |       |       |       |       |       |     1 ||     1
 Cast: Ozocubu's Armour  |       |       |       |    13 |    10 |    19 ||    42
       Frozen Ramparts   |       |       |       |       |       |    45 ||    45
Evoke: Wand              |       |       |     7 |    29 |    37 |    34 ||   107
       Lightning rod     |       |       |       |       |    13 |    17 ||    30
       Tin of tremorston |       |       |       |       |     2 |     4 ||     6
       Condenser vane    |       |       |       |       |       |     2 ||     2
       Phial of floods   |       |       |       |       |       |     1 ||     1
  Use: Scroll            |     5 |     1 |     1 |    20 |     6 |    13 ||    46
       Potion            |     2 |     4 |       |     7 |    10 |    13 ||    36
 Stab: Sleeping          |     2 |     1 |       |       |       |     5 ||     8
       Petrifying        |       |     1 |       |     1 |       |       ||     2
       Paralysed         |       |       |     1 |    10 |     8 |     8 ||    27
       Confused          |       |       |     1 |     5 |     5 |     1 ||    12
       Distracted        |       |       |       |     2 |     4 |     3 ||     9
       Petrified         |       |       |       |       |       |     4 ||     4
       Invisible         |       |       |       |       |       |     1 ||     1
Armor: Skin              |    42 |    75 |   164 |   429 |   514 |   649 ||  1873
Dodge: Dodged            |    85 |   144 |   192 |   469 |   587 |   825 ||  2302
Block: Buckler           |       |       |     3 |    92 |       |   590 ||   685
       Kite shield       |       |       |       |   157 |   835 |   351 ||  1343
       Reflection        |       |       |       |       |       |     3 ||     3
       Rpst.: Falchion   |    30 |    53 |    14 |     9 |       |       ||   106
       Scimitar          |       |       |       |    10 |    40 |    82 ||   132

Table legend: (Time is in decaauts)
 A = Elapsed time spent in this place.
 B = Non-inter-level travel time spent in this place.
 C = Inter-level travel time spent in this place.
 D = Time resting spent in this place.
 E = Time spent auto-exploring this place.
 F = Levels seen in this place.
 G = Mean time per level.
                   A        B        C        D        E       F      G
               +--------+--------+--------+--------+--------+-----+--------+
         Total |  51095 |  48068 |   3027 |  16348 |  21929 |  30 | 1703.2 |
       Dungeon |  23468 |  21986 |   1482 |   5836 |  12444 |  15 | 1564.5 |
          Lair |  11066 |  10103 |    963 |   3224 |   4992 |   6 | 1844.3 |
     Snake Pit |  10440 |  10058 |    382 |   5082 |   2478 |   4 | 2610.0 |
  Orcish Mines |   2069 |   1903 |    166 |    434 |    855 |   2 | 1034.5 |
   Elven Halls |   1990 |   1958 |     32 |    802 |    684 |   1 | 1990.0 |
        Depths |   1647 |   1646 |      1 |    722 |    399 |   1 | 1647.0 |
        Bazaar |    412 |    412 |      0 |    246 |     76 |   1 |  412.0 |
               +--------+--------+--------+--------+--------+-----+--------+

Top non-repeatable levels by time:
 Snake:4: 4294 daAuts
 Snake:1: 2876 daAuts
    D:11: 2707 daAuts
    D:12: 2504 daAuts
    D:14: 2429 daAuts
  Lair:3: 2416 daAuts
  Lair:6: 2200 daAuts
     D:3: 2182 daAuts
   Elf:1: 1990 daAuts
  Lair:4: 1824 daAuts
    D:10: 1799 daAuts
 Snake:3: 1679 daAuts
  Lair:1: 1676 daAuts
Depths:1: 1647 daAuts
  Lair:2: 1631 daAuts
